 Dungeon Crawl Stone Soup version 0.31-a0-200-gbc41564c69 (webtiles) character file.

Game seed: 15213851189247462149

31 qw the Shooter (level 3, -5/20 HPs)
             Began as a Deep Elf Hunter on June 25, 2023.
             Slain by Terence
             ... wielding a +5 flail of holy wrath
              (6 damage)
             ... on level 2 of the Dungeon.
             The game lasted 00:00:15 (753 turns).

qw the Shooter (Deep Elf Hunter)                     Turns: 753, Time: 00:00:15

Health: -5/20      AC:  3    Str: 10    XL:     3   Next: 7%
Magic:  5/5        EV: 12    Int: 13    God:
Gold:   75         SH:  0    Dex: 18    Spells: 2/2 levels left

rFire   . . .        Y - +1 shortbow
rCold   . . .        (shield currently unavailable)
rNeg    . . .        c - +0 leather armour
rPois   .            (no helmet)
rElec   .            (no cloak)
rCorr   .            (no gloves)
SInv    .            (no boots)
Will    .....        (no amulet)
Stlth   ++           (no ring)
HPRegen 0.23/turn    (no ring)
MPRegen 0.09/turn

%: no passive effects
@: no status effects
A: no striking features
a: no special abilities


You were on level 2 of the Dungeon.
You visited 1 branch of the dungeon, and saw 2 of its levels.

You collected 75 gold pieces.


   Skills:
 - Level 1.5 Fighting
 + Level 6.7 Ranged Weapons
 - Level 2.4 Dodging
 - Level 1.2 Stealth


You had 2 spell levels left.
You didn't know any spells.
Your spell library was empty.

Inventory:

Hand Weapons
 Y - a +1 shortbow (weapon)
Armour
 c - a +0 leather armour (worn)
Scrolls
 a - a scroll of vulnerability {unknown}
 b - a scroll of noise {unknown}
Potions
 d - a potion of mutation {unknown}
 f - a potion of might {unknown}

Dungeon Overview and Level Annotations

Branches:
Dungeon (2/15)

Altars:

Annotations:
D:2 Terence


Message History

You kill the rat!
Terence the Incautious comes into view.
He is wielding a +5 flail of holy wrath.
Terence shouts!
Enter note:
Enter note:
Enter note:
Enter note:
Enter note:
Enter note: You shoot an arrow.
The arrow hits Terence.
Terence is lightly wounded.
You shoot an arrow. The arrow hits Terence!
Terence is severely wounded.
Terence completely misses you.
You see here a rat corpse.
Enter note:
Enter note:
Enter note:
Enter note:
Enter note:
Enter note: You shoot an arrow.
The arrow hits Terence.
Terence is almost dead.
Terence barely misses you.
You shoot an arrow. The arrow barely misses Terence.
Terence barely misses you.
You shoot an arrow. The arrow barely misses Terence.
Terence drinks a potion.
Terence is healed!
Terence closely misses you.
You shoot an arrow.
The arrow hits Terence but does no damage.
Terence hits you with a +5 flail of holy wrath!
You shoot an arrow. The arrow hits Terence.
Terence is moderately wounded.
Terence barely misses you.
You shoot an arrow. The arrow closely misses Terence.
Terence hits you with a +5 flail of holy wrath!
Ouch! That really hurt!
You shoot an arrow. The arrow barely misses Terence.
Terence hits you with a +5 flail of holy wrath.
You die...

#..# ##....##..#
#..###.........#
.#.............###
#......###.#......#.##
#.###..# #.#.#.##....##
##
#..##.#..#.##.(...####.
#....###..<............
...##.#..#.##.....#####
.##.# #@#.#.###...## .
#.....@.# # ##.##
#####.### #.# #.# #.#
#.# #. ... #.. #..
##########
#..#........#


You could see Terence.

Vanquished Creatures
  An adder (D:2)
  2 dart slugs (D:2)
  An endoplasm (D:1)
  2 giant cockroaches (D:1)
  A kobold (D:2)
  A quokka (D:1)
  4 ball pythons
  A bat (D:2)
  2 goblins (D:2)
  5 rats
20 creatures vanquished.

Notes
Turn   | Place    | Note
-------+----------+-------------------------------------------
     0 | D:1      | qw the Deep Elf Hunter began the quest for the Orb.
     0 | D:1      | Reached XP level 1. HP: 12/12 MP: 3/3
     0 | D:1      | 0 ||| qw: Version: 0.3-a-22-g0ed2b0b
     0 | D:1      | 0 ||| qw: Game counter: 5663
     0 | D:1      | 0 ||| qw: Melee chars always use a shield: true
     0 | D:1      | 0 ||| qw: God list: Okawaru
     0 | D:1      | 0 ||| qw: Allow faded altars: false
     0 | D:1      | 0 ||| qw: Do Orc after clearing Dungeon:15 true
     0 | D:1      | 0 ||| qw: Do second Lair branch before Depths: true
     0 | D:1      | 0 ||| qw: Lair rune preference: random
     0 | D:1      | 0 ||| qw: Goals: Normal
     0 | D:1      | 0 ||| PLANNING D:1-11
   221 | D:1      | Reached XP level 2. HP: 16/16 MP: 4/4
   441 | D:1      | 441 ||| DROPPING ring of magical power.
   442 | D:1      | 442 ||| READING scroll labelled HECAITT GUSASATE.
   443 | D:1      | 443 ||| READING scroll labelled JEZUSE HESYCK.
   444 | D:1      | 444 ||| DROPPING scroll of butterflies.
   469 | D:2      | Reached skill level 6 in Ranged Weapons
   704 | D:2      | Reached XP level 3. HP: 15/20 MP: 5/5
   743 | D:2      | Noticed Terence
   752 | D:2      | HP: 1/20 [Terence/+5 flail of holy wrath (10)]
   753 | D:2      | Slain by Terence

Levels and vault maps discovered:
D:1:      nzn_arrival_settlement, layout_basic
D:2:      layout_loops_ring, uniq_terence

Skill      XL: |  1  2 |
---------------+-------+-----
Ranged Weapons | 6 |  6.7
Fighting       | |  1.5
Dodging        | |  2.4
Stealth        | |  1.2

Action                     || total
---------------------------++-------
   Fire: Shortbow          ||    45
    Use: Scroll            ||     2
  Dodge: Dodged            ||     7

Table legend:
 A = Non-vault XP
 B = Vault XP
 C = Vault XP percentage of total XP
 D = Non-vault monster count
 E = Vault monster count
 F = Vault count percentage of total count
                 A         B        C        D         E       F
            +---------+---------+-------+---------+---------+-------
      Total |      45 |       0 |   0.0 |      20 |       0 |   0.0
            +---------+---------+-------+---------+---------+-------
        D:1 |      12 |       0 |   0.0 |       8 |       0 |   0.0
        D:2 |      33 |       0 |   0.0 |      12 |       0 |   0.0
            +---------+---------+-------+---------+---------+-------
